 Dungeon Crawl Stone Soup version 0.31.0-11-ge490571c62 (webtiles) character file.

Game seed: 5163167584850977851

443 qw the Skirmisher (level 6, 0/35 HPs)
             Began as a Deep Elf Hunter on Feb 3, 2024.
             Was an Initiate of Okawaru.
             Slain by a quokka (1 damage)
             ... on level 5 of the Dungeon.
             The game lasted 00:00:12 (3084 turns).

qw the Skirmisher (Deep Elf Hunter)                 Turns: 3084, Time: 00:00:13

Health: 0/35       AC:  6    Str: 16    XL:     6   Next: 71%
Magic:  8/8        EV: 12    Int: 16    God:    Okawaru [......]
Gold:   299        SH:  0    Dex: 18    Spells: 5/5 levels left

rFire   . . .        b - +7 sling of Traps {heavy, Int+2}
rCold   . . .        (no shield)
rNeg    . . .        f - +0 ring mail
rPois   .            (no helmet)
rElec   .            (no cloak)
rCorr   .            (no gloves)
SInv    .            c - +0 pair of boots
Will    .....        (no amulet)
Stlth   +            d - +6 ring of strength
HPRegen 0.25/turn    (no ring)
MPRegen 0.11/turn

%: no passive effects
@: no status effects
A: no striking features
a: Renounce Religion


You were on level 5 of the Dungeon.
You worshipped Okawaru.
Okawaru was noncommittal.
You visited 2 branches of the dungeon, and saw 6 of its levels.

You collected 299 gold pieces.


   Skills:
 - Level 2.0 Fighting
 + Level 9.9 Ranged Weapons
 - Level 3.8 Dodging
 - Level 1.2 Stealth


You had 5 spell levels left.
You didn't know any spells.
Your spell library was empty.

Inventory:

Hand Weapons
 b - the +7 sling of Traps (weapon) {heavy, Int+2}
   (You found it on level 2 of the Dungeon)

   Int+2:     It affects your intelligence (+2).
Armour
 c - a +0 pair of boots (worn)
 f - a +0 ring mail (worn)
Jewellery
 d - a +6 ring of strength (left hand)
Wands
 l - a wand of mindburst (7)
Potions
 a - 2 potions of mutation
 h - 5 potions of curing

Dungeon Overview and Level Annotations

Branches:
Dungeon (5/15)             Temple (1/1) D:4

Altars:
Ashenzari
Fedhas
Gozag
Hepliaklqana
Nemelex Xobeh
Okawaru
Ru
Sif Muna
Trog
Vehumet
Wu Jian
Xom
Yredelemnul
The Shining One


Message History

You kill the gnoll!
Okawaru accepts your kill.
The gnoll bouda gazes fiercely through you!
You feel your attacks grow feeble. The quokka barely misses you.
An adder comes into view.
You shoot a sling bullet. The sling bullet hits the gnoll bouda!
The gnoll bouda is almost dead.
The quokka misses you.
The gnoll bouda hits you with a +0 club!
The quokka closely misses you.
The gnoll bouda hits you but does no damage.
You shoot a sling bullet. The sling bullet hits the gnoll bouda.
You kill the gnoll bouda!
Okawaru accepts your kill.
Your attacks no longer feel as feeble.
The quokka barely misses you. The quokka closely misses you.
You shoot a sling bullet.
The sling bullet barely misses the gnoll.
The sling bullet hits the adder!
The adder is severely wounded.
The gnoll hits you with a +0 flail! The quokka barely misses you.
The gnoll barely misses you.
You shoot a sling bullet.
The sling bullet barely misses the gnoll.
The sling bullet hits the adder!!
You kill the adder!
Okawaru accepts your kill. The quokka bites you.
A gnoll comes into view. It is wielding a +0 flail.
The gnoll closely misses you. The quokka closely misses you.
You shoot a sling bullet. The sling bullet hits the gnoll.
The gnoll is lightly wounded.
The quokka bites you but does no damage.
The gnoll hits you with a +0 flail! The quokka bites you.
The gnoll hits you with a +0 flail.
You shoot a sling bullet. The sling bullet hits the gnoll.
The gnoll is moderately wounded.
The quokka bites you.
You die...

##.#.## ##.#.#.##
##.#.#.#.##
##.#.###.#.##
##.#.##.##.#.##
##%#.##.#.##.#.##
##.#.##.#.#.##.#.##
##.#.##.#...#.##.#.##
#.#.## #@##:[?[##.#%#
##)#.##r#g##.#...#.##
##.#.## #g##.#.#.##
##.#.## #.##.#%##
##.#.## #.##.##
##.#.## #.### ##.#.##
#.# ##.#.## #.
##.#.##


You could see 2 gnolls and a quokka.

Vanquished Creatures
  A black bear (D:4)
  A bombardier beetle (D:5)
  A jelly (D:4)
  A hound (D:4)
  A gnoll bouda (D:5)
  Terence (D:3)
  A sleepcap (D:4)
  4 gnolls
  4 adders
  5 dart slugs
  2 ribbon worms
  6 orcs
  5 endoplasms
  4 giant cockroaches
  2 goblins
  6 hobgoblins
  3 jackals (D:2)
  5 quokkas
  8 ball pythons
  6 bats
  5 frilled lizards
  9 kobolds
  13 rats
94 creatures vanquished.

Notes
Turn   | Place    | Note
-------+----------+-------------------------------------------
     0 | D:1      | qw the Deep Elf Hunter began the quest for the Orb.
     0 | D:1      | Reached XP level 1. HP: 12/12 MP: 3/3
     0 | D:1      | 0 ||| qw: Version: 0.3-a-158-g18b3111
     0 | D:1      | 0 ||| qw: Game counter: 4089
     0 | D:1      | 0 ||| qw: Melee chars always use a shield: true
     0 | D:1      | 0 ||| qw: God list: Okawaru
     0 | D:1      | 0 ||| qw: Allow faded altars: false
     0 | D:1      | 0 ||| qw: Do Orc after clearing Dungeon:15 true
     0 | D:1      | 0 ||| qw: Do second Lair branch before Depths: true
     0 | D:1      | 0 ||| qw: Lair rune preference: random
     0 | D:1      | 0 ||| qw: Goals: Normal
     0 | D:1      | 0 ||| PLANNING D:1-11
   204 | D:1      | Reached skill level 6 in Ranged Weapons
   204 | D:1      | Reached XP level 2. HP: 16/16 MP: 4/4
   666 | D:1      | 666 ||| DROPPING ring of wizardry.
   667 | D:1      | 667 ||| READING scroll labelled COSO QEYRUQOE.
   668 | D:1      | 668 ||| READING scroll labelled QES EG HIEVEIN.
   668 | D:1      | 668 ||| IDENTIFYING emerald potion
   669 | D:1      | 669 ||| READING scroll labelled LUSURUJ VETH.
   670 | D:1      | 670 ||| DROPPING scroll of butterflies.
   713 | D:2      | Reached XP level 3. HP: 20/20 MP: 5/5
   722 | D:2      | Identified the +7 sling of Traps {heavy, Int+2}
   724 | D:2      | 724 ||| SWAPPING to +7 sling of Traps {heavy, Int+2}.
   725 | D:2      | 725 ||| DROPPING +0 shortbow.
   892 | D:2      | Reached skill level 7 in Ranged Weapons
  1184 | D:2      | Found a faded altar of an unknown god.
  1222 | D:2      | Reached XP level 4. HP: 25/25 MP: 6/6
  1356 | D:2      | 1356 ||| UPGRADING to +0 ring mail.
  1366 | D:2      | 1366 ||| DROPPING +0 leather armour.
  1367 | D:2      | 1367 ||| READING scroll of identify.
  1367 | D:2      | 1367 ||| IDENTIFYING silvery potion
  1368 | D:2      | 1368 ||| READING scroll labelled LUMPYF HUAME.
  1369 | D:2      | 1369 ||| READING scroll labelled NATHUXT FEIGHI.
  1654 | D:3      | Noticed Terence
  1659 | D:3      | Killed Terence
  1660 | D:3      | Reached skill level 8 in Ranged Weapons
  1791 | D:3      | 1791 ||| UPGRADING to +0 pair of boots.
  1796 | D:3      | 1796 ||| READING 2 scrolls of identify.
  1796 | D:3      | 1796 ||| IDENTIFYING murky silvery potion
  1797 | D:3      | 1797 ||| READING scroll of identify.
  1797 | D:3      | 1797 ||| IDENTIFYING murky golden potion
  1798 | D:3      | 1798 ||| READING scroll labelled WONTATA KEBAA.
  1799 | D:3      | 1799 ||| READING scroll labelled VAUMUT AZOASK.
  1900 | D:3      | 1900 ||| DRINKING 2 inky potions.
  1924 | D:3      | 1924 ||| DROPPING potion of lignification.
  1925 | D:3      | 1925 ||| DROPPING potion of invisibility.
  2039 | D:4      | Reached XP level 5. HP: 29/29 MP: 7/7
  2067 | D:4      | Found a staircase to the Ecumenical Temple.
  2068 | D:4      | 2068 ||| PLANNING TEMPLE
  2075 | D:4      | Reached skill level 9 in Ranged Weapons
  2118 | D:4      | 2118 ||| READING scroll labelled DIMES DOUNKE.
  2122 | D:4      | 2122 ||| Stepping randomly (stuck).
  2123 | D:4      | 2123 ||| Stepping randomly (stuck).
  2124 | D:4      | 2124 ||| Stepping randomly (stuck).
  2125 | D:4      | 2125 ||| Stepping randomly (stuck).
  2126 | D:4      | 2126 ||| Stepping randomly (stuck).
  2127 | D:4      | 2127 ||| Stepping randomly (stuck).
  2128 | D:4      | 2128 ||| Stepping randomly (stuck).
  2129 | D:4      | 2129 ||| Stepping randomly (stuck).
  2130 | D:4      | 2130 ||| Stepping randomly (stuck).
  2131 | D:4      | 2131 ||| Stepping randomly (stuck).
  2132 | D:4      | 2132 ||| Stepping randomly (stuck).
  2133 | D:4      | 2133 ||| Stepping randomly (stuck).
  2134 | D:4      | 2134 ||| Stepping randomly (stuck).
  2135 | D:4      | 2135 ||| Stepping randomly (stuck).
  2136 | D:4      | 2136 ||| Stepping randomly (stuck).
  2137 | D:4      | 2137 ||| Stepping randomly (stuck).
  2140 | D:4      | 2140 ||| Stepping randomly (stuck).
  2141 | D:4      | 2141 ||| Stepping randomly (stuck).
  2142 | D:4      | 2142 ||| Stepping randomly (stuck).
  2143 | D:4      | 2143 ||| Stepping randomly (stuck).
  2144 | D:4      | 2144 ||| Stepping randomly (stuck).
  2145 | D:4      | 2145 ||| Stepping randomly (stuck).
  2146 | D:4      | 2146 ||| Stepping randomly (stuck).
  2147 | D:4      | 2147 ||| Stepping randomly (stuck).
  2148 | D:4      | 2148 ||| Stepping randomly (stuck).
  2149 | D:4      | 2149 ||| Stepping randomly (stuck).
  2150 | D:4      | 2150 ||| Stepping randomly (stuck).
  2151 | D:4      | 2151 ||| Stepping randomly (stuck).
  2152 | D:4      | 2152 ||| Stepping randomly (stuck).
  2153 | D:4      | 2153 ||| Stepping randomly (stuck).
  2154 | D:4      | 2154 ||| Stepping randomly (stuck).
  2155 | D:4      | 2155 ||| Stepping randomly (stuck).
  2156 | D:4      | 2156 ||| Stepping randomly (stuck).
  2157 | D:4      | 2157 ||| Stepping randomly (stuck).
  2158 | D:4      | 2158 ||| Stepping randomly (stuck).
  2159 | D:4      | 2159 ||| Stepping randomly (stuck).
  2160 | D:4      | 2160 ||| Stepping randomly (stuck).
  2161 | D:4      | 2161 ||| Stepping randomly (stuck).
  2162 | D:4      | 2162 ||| Stepping randomly (stuck).
  2163 | D:4      | 2163 ||| Stepping randomly (stuck).
  2164 | D:4      | 2164 ||| Stepping randomly (stuck).
  2165 | D:4      | 2165 ||| Stepping randomly (stuck).
  2166 | D:4      | 2166 ||| Stepping randomly (stuck).
  2167 | D:4      | 2167 ||| Stepping randomly (stuck).
  2168 | D:4      | 2168 ||| Stepping randomly (stuck).
  2169 | D:4      | 2169 ||| Stepping randomly (stuck).
  2170 | D:4      | 2170 ||| Stepping randomly (stuck).
  2171 | D:4      | 2171 ||| Stepping randomly (stuck).
  2172 | D:4      | 2172 ||| Stepping randomly (stuck).
  2173 | D:4      | 2173 ||| Stepping randomly (stuck).
  2174 | D:4      | 2174 ||| Stepping randomly (stuck).
  2175 | D:4      | 2175 ||| Stepping randomly (stuck).
  2176 | D:4      | 2176 ||| Stepping randomly (stuck).
  2177 | D:4      | 2177 ||| Stepping randomly (stuck).
  2178 | D:4      | 2178 ||| Stepping randomly (stuck).
  2179 | D:4      | 2179 ||| Stepping randomly (stuck).
  2180 | D:4      | 2180 ||| Stepping randomly (stuck).
  2181 | D:4      | 2181 ||| Stepping randomly (stuck).
  2182 | D:4      | 2182 ||| Stepping randomly (stuck).
  2183 | D:4      | 2183 ||| Stepping randomly (stuck).
  2184 | D:4      | 2184 ||| Stepping randomly (stuck).
  2185 | D:4      | 2185 ||| Stepping randomly (stuck).
  2186 | D:4      | 2186 ||| Stepping randomly (stuck).
  2187 | D:4      | 2187 ||| Stepping randomly (stuck).
  2188 | D:4      | 2188 ||| Stepping randomly (stuck).
  2189 | D:4      | 2189 ||| Stepping randomly (stuck).
  2190 | D:4      | 2190 ||| Stepping randomly (stuck).
  2191 | D:4      | 2191 ||| Stepping randomly (stuck).
  2192 | D:4      | 2192 ||| Stepping randomly (stuck).
  2193 | D:4      | 2193 ||| Stepping randomly (stuck).
  2194 | D:4      | 2194 ||| Stepping randomly (stuck).
  2195 | D:4      | 2195 ||| Stepping randomly (stuck).
  2207 | D:4      | HP: 7/30 [gnoll/+0 spear (5)]
  2208 | D:4      | 2208 ||| DRINKING potion of heal wounds.
  2346 | D:4      | 2346 ||| UPGRADING to +6 ring of strength.
  2375 | Temple   | Entered the Ecumenical Temple
  2376 | Temple   | 2376 ||| PLANNING OKAWARU WORSHIP
  2384 | Temple   | Became a worshipper of Warmaster Okawaru
  2385 | Temple   | 2385 ||| PLANNING D:1-11
  2411 | D:4      | Noticed a black bear
  2412 | D:4      | 2412 ||| ZAPPING wand of mindburst (10) at -6,-6 (black
                  | bear; floor).
  2413 | D:4      | 2413 ||| ZAPPING wand of mindburst (9) at -5,-5 (black
                  | bear; floor).
  2414 | D:4      | 2414 ||| ZAPPING wand of mindburst (8) at -4,-4 (black
                  | bear; floor).
  2414 | D:4      | Killed a black bear
  2415 | D:4      | Reached skill level 3 in Dodging
  2415 | D:4      | Reached XP level 6. HP: 35/35 MP: 8/8
  2564 | D:4      | Found a hazy altar of Hepliaklqana.
  2993 | D:5      | Entered Level 5 of the Dungeon
  3083 | D:5      | HP: 8/35 [gnoll/+0 flail[a gnoll bouda] (7)]
  3083 | D:5      | HP: 1/35 [gnoll/+0 flail[a gnoll bouda] (5)]
  3084 | D:5      | Slain by a quokka

Levels and vault maps discovered:
D:1:      mainiacjoe_arrival_reflecting_pool, layout_basic,
          kennysheep_pointless_box
D:2:      minmay_alternating_diamond, layout_basic,
          shapermc_ecumenical_altar_mp_urbaneastern
D:3:      layout_basic, corexii_item_surrounded_by_moat, grunt_ministairs_10,
          uniq_terence
D:4:      layout_basic, lemuel_crystal_altar, minmay_temple_entry_trees,
          kennysheep_generic_room_15
D:5:      minmay_inner_zag, layout_basic, kiku_gazebo_pond_becter,
          hellmonk_guarded_unrand_hermit
Temple:   nicolae_temple_ecumenical_triangle

Skill      XL: |  1  2  3  4  5 |
---------------+----------------+-----
Ranged Weapons | 6 7 8 9 |  9.9
Fighting       | 2 |  2.0
Dodging        | 3 |  3.8
Stealth        | |  1.2

Action                     |  1- 3 |  4- 6 || total
---------------------------+-------+-------++-------
   Fire: Shortbow          |    62 |       ||    62
         Sling             |    47 |    90 ||   137
  Evoke: Wand              |       |     3 ||     3
    Use: Scroll            |     3 |     8 ||    11
         Potion            |       |     2 ||     2
 Armour: Leather armour    |    15 |       ||    15
         Ring mail         |       |    42 ||    42
  Dodge: Dodged            |    22 |    33 ||    55

Table legend:
 A = Non-vault XP
 B = Vault XP
 C = Vault XP percentage of total XP
 D = Non-vault monster count
 E = Vault monster count
 F = Vault count percentage of total count
                 A         B        C        D         E       F
            +---------+---------+-------+---------+---------+-------
      Total |     472 |     161 |  25.4 |      81 |      13 |  13.8
            +---------+---------+-------+---------+---------+-------
        D:1 |      34 |       0 |   0.0 |      21 |       0 |   0.0
        D:2 |      65 |       7 |   9.7 |      30 |       4 |  11.8
        D:3 |      26 |      38 |  59.4 |       9 |       3 |  25.0
        D:4 |     293 |      46 |  13.6 |      19 |       1 |   5.0
        D:5 |      54 |      70 |  56.5 |       2 |       5 |  71.4
            +---------+---------+-------+---------+---------+-------
